Map: Rorschach LE

Players

RipNHammer - Winner!

  • Race: Terran Terran
  • League: Master
  • Spawn Location: 5:00

starkiller

  • Race: Terran Terran
  • League: Grandmaster
  • Spawn Location: 7:00

VOD

Have the link to the VOD?

Description

Time

  • Played on: Sept. 6, 2026, 10:59 a.m.
  • Length: 12:30
Show
View Real Time Build Order
Export as new Build Order

RipNHammer Terran - Winner!

Build Orders:  

Get SALT Encoding   

  8  0:00  SCV  
  9  0:12  SCV  
  10  0:24  SCV  
  11  0:36  SCV  
  11  0:40  Supply Depot  
  12  0:49  SCV  
  13  1:02  SCV, Barracks  
  14  1:08  Refinery  
  14  1:14  SCV  
  15  1:26  SCV  
  16  1:38  SCV  
  17  1:50  Orbital Command  
  17  1:53  Reaper  
  18  2:05  Bunker  
  18  2:17  SCV  
  18  2:18  Refinery  
  19  2:26  Marine  
  19  2:27  Supply Depot  
  20  2:30  SCV  
  21  2:41  Bunker  
  21  2:49  Marine  
  22  2:56  SCV  
  23  3:06  Marine  
  23  3:08  SCV  
  21  3:20  SCV  
  21  3:24  Marine  
  22  3:32  SCV  
  21  3:39  Factory  
  20  3:42  Marine  
  21  3:50  SCV  
  22  4:00  Marine  
  23  4:03  SCV  
  24  4:15  SCV  
  25  4:18  Marine  
  26  4:24  Factory Tech Lab  
  26  4:38  Starport  
  25  4:45  Supply Depot  
  25  4:46  Supply Depot  
  25  4:48  Marine  
  25  4:50  Siege Tank  
  29  4:56  SCV  
  29  5:07  Marine  
  29  5:09  SCV  
  29  5:10  Supply Depot  
  30  5:35  SCV  
  31  5:41  Banshee  
  34  5:44  Cloaking Field  
  34  5:49  SCV  
  35  5:52  Factory Tech Lab  
  35  6:01  SCV  
  36  6:10  Command Center  
  36  6:13  SCV  
  36  6:14  Cyclone  
  40  6:24  Banshee  
  44  6:25  SCV  
  44  6:26  Supply Depot  
  44  6:37  SCV  
  45  6:42  Barracks Reactor  
  45  6:48  Cyclone, Supply Depot  
  45  6:49  SCV  
  49  7:02  SCV  
  50  7:08  Factory  
  50  7:14  SCV  
  48  7:48  Siege Tank  
  51  7:58  SCV  
  52  8:10  SCV  
  52  8:11  Siege Tank  
  55  8:22  SCV  
  55  8:24  Orbital Command  
  56  8:31  Refinery  
  56  8:32  Refinery  
  56  8:33  Factory  
  56  8:34  SCV  
  57  8:42  Siege Tank  
  57  8:46  SCV  
  61  8:51  Siege Tank  
  64  8:57  SCV  
  64  8:58  SCV  
  66  9:09  SCV  
  67  9:10  SCV  
  67  9:12  Factory  
  67  9:17  Command Center  
  68  9:21  SCV  
  68  9:22  Factory Reactor, Supply Depot, SCV  
  70  9:27  Siege Tank  
  70  9:29  Siege Tank  
  76  9:33  SCV  
  76  9:35  SCV  
  76  9:37  Viking  
  80  9:41  Supply Depot  
  80  9:43  Supply Depot  
  80  9:45  SCV  
  80  9:46  Supply Depot  
  80  9:47  SCV  
  82  9:53  Viking  
  82  9:57  Mag-Field Accelerator  
  82  9:58  SCV  
  82  9:59  Factory Tech Lab, SCV  
  83  10:09  Viking  
  83  10:10  SCV  
  83  10:14  SCV  
  87  10:20  Hellion x3  
  93  10:23  Siege Tank, Viking  
  93  10:27  Supply Depot  
  98  10:32  Supply Depot  
  98  10:34  Orbital Command  
  98  10:36  SCV  
  98  10:38  Siege Tank  
  98  10:40  SCV  
  103  10:48  SCV  
  103  10:49  Hellion  
  108  10:50  Hellion  
  108  10:51  Siege Tank  
  108  10:52  Supply Depot  
  108  10:54  Supply Depot  
  108  10:56  Refinery  
  111  10:57  Refinery  
  111  11:01  Cyclone  
  111  11:04  Orbital Command  
  113  11:05  SCV  
  113  11:11  Hellion  
  116  11:13  Hellion x2  
  116  11:15  SCV  
  121  11:19  Supply Depot  
  121  11:20  SCV  
  122  11:27  SCV, Hellion  
  125  11:32  Viking  
  125  11:33  Viking  
  125  11:37  Armory  
  125  11:39  Factory  
  107  11:48  Cyclone, Siege Tank  
  107  11:49  Hellion  
  115  11:59  SCV  
  115  12:00  SCV x2  
Show
View Real Time Build Order
Export as new Build Order

starkiller Terran 

Build Orders:  

Get SALT Encoding   

  8  0:00  SCV  
  9  0:12  SCV  
  10  0:24  SCV  
  11  0:29  Supply Depot  
  11  0:36  SCV  
  12  0:48  SCV  
  13  1:00  Barracks  
  13  1:08  Refinery  
  13  1:23  Barracks  
  13  1:28  SCV  
  14  1:40  SCV  
  14  1:46  Barracks Tech Lab  
  15  1:57  Orbital Command  
  17  2:08  Marauder  
  17  2:13  Barracks Tech Lab  
  17  2:18  Concussive Shells  
  19  2:30  Marauder  
  19  2:37  Marauder  
  21  2:47  Supply Depot  
  21  3:08  SCV, Marauder x2  
  24  3:30  Marauder  
  26  3:36  Marauder  
  26  3:37  SCV  
  28  3:50  SCV  
  28  3:53  Stimpack  
  29  4:02  SCV  
  28  4:14  SCV  
  28  4:26  SCV  
  28  4:38  SCV  
  28  4:50  SCV  
  29  5:03  Engineering Bay  
  29  5:04  Barracks  
  29  5:11  Supply Depot  
  29  5:12  Supply Depot  
  29  5:33  Combat Shield, SCV  
  30  5:39  Terran Infantry Weapons Level 1  
  30  5:40  Missile Turret  
  30  5:44  Missile Turret  
  30  5:45  SCV  
  31  5:51  Barracks Reactor  
  31  5:57  SCV  
  32  6:09  SCV  
  32  6:10  Command Center  
  33  6:19  Marine  
  33  6:21  SCV  
  35  6:26  Marine x2  
  37  6:33  SCV  
  37  6:37  Marine  
  39  6:43  Supply Depot  
  39  6:44  Supply Depot  
  39  6:45  Factory, SCV  
  40  6:48  Marine  
  40  6:50  Marine  
  41  7:05  SCV  
  41  7:06  Marine  
  41  7:08  Marine  
  42  7:16  Barracks Reactor  
  39  7:42  Orbital Command  
  39  7:50  Marine x2  
  40  7:57  Marine  
  40  7:58  Marine  
  42  8:02  SCV, Starport  
  43  8:08  Marine, SCV  
  43  8:10  Marine  
  42  8:14  SCV  
  42  8:18  Marine  
  34  8:20  SCV  
  34  8:26  SCV  
  36  8:31  Terran Infantry Armor Level 1  
  36  8:36  Factory Reactor  
  36  8:38  Marine  
  36  8:41  SCV  
  38  8:44  Refinery  
  38  8:45  Barracks Reactor, Orbital Command  
  38  8:53  SCV  
  39  8:59  Missile Turret  
  39  9:02  Missile Turret  
  39  9:04  Marine  
  39  9:05  SCV  
  41  9:11  SCV  
  42  9:17  SCV, Marine  
  42  9:18  Marine x2  
  42  9:23  SCV  
  47  9:29  Medivac, SCV  
  50  9:32  Medivac  
  50  9:33  Marine  
  50  9:36  SCV  
  54  9:41  SCV  
  54  9:43  Marine  
  54  9:44  Marine  
  57  9:48  SCV  
  58  9:53  Marine x2, SCV  
  58  9:56  Marine x2  
  63  10:00  SCV  
  63  10:01  Marine  
  63  10:02  Marine  
  63  10:05  SCV  
  66  10:11  Marine x2  
  68  10:14  SCV  
  68  10:15  Engineering Bay  
  68  10:16  Armory  
  68  10:17  SCV  
  68  10:18  Marine x2  
  72  10:27  Medivac  
  74  10:34  Marine x2, Medivac  
  74  10:35  Supply Depot  
  78  10:37  Marine, Supply Depot  
  78  10:41  Marine x2  
  78  10:42  Marine  
  82  10:53  Supply Depot  
  82  10:55  SCV  
  73  11:02  Marine x2  
  73  11:03  Marine  
  66  11:05  SCV, Marine  
  66  11:06  Medivac, Marine x2  
  66  11:08  SCV  
  73  11:17  SCV  
  74  11:20  Command Center  
  74  11:22  SCV  
  74  11:23  Marine  
  74  11:25  Marine  
  77  11:29  SCV  
  77  11:32  Refinery  
  78  11:33  Refinery  
  78  11:34  SCV  
  79  11:46  Marine  
  79  11:47  Marine x5  
  70  11:50  Medivac  
  72  12:04  Marine x2  
  71  12:12  Marine x4  
Tags
 
Matchup
TvT
Race
Terran
Replay Pack
RipNHammer
Spawn Locations
Close Positions
Add a new tag
Caveats
  • Supply blocks, unpowered buildings, or Contaminate may cause inaccurate times.
  • Supply counts are checked every 10 seconds.